 Dungeon Crawl Stone Soup version 0.25.0-10-g039870ee82 (webtiles) character file.

Game seed: 10328913658973961577

271 Aviak the Ducker (level 6, -7/38 HPs)
             Began as an Octopode Transmuter on June 24, 2020.
             Was an Initiate of Gozag.
             Mangled by Menkaure (17 damage)
             ... on level 4 of the Dungeon.
             The game lasted 00:03:57 (4716 turns).

Aviak the Ducker (Octopode Transmuter)              Turns: 4716, Time: 00:03:57

Health: -7/38      AC:  1    Str:  9    XL:     6   Next: 23%
Magic:  2/10       EV: 15    Int: 17    God:    Gozag
Gold:   434        SH:  0    Dex: 13    Spells: 5/11 levels left

rFire    . . .     SeeInvis .     - Unarmed
rCold    . . .     Gourm    .   (no shield)
rNeg     . . .     Faith    .   (helmet restricted)
rPois    .         Spirit   .   (no amulet)
rElec    .         Reflect  .   (no ring)
rCorr    .         Harm     .   (no ring)
MR       .....                  (no ring)
Stlth    ++........             (no ring)
HPRegen  0.12/turn              (no ring)
MPRegen  0.12/turn              (no ring)
                                (no ring)
                                (no ring)

@: appendage, stab, very slightly contaminated
A: almost no armour, stealthy swim, amphibious, 8 rings, constrict 8, tentacle
spike 3, camouflage 1, gelatinous body 1
a: End Transformation, Potion Petition, Call Merchant, Bribe Branch, Renounce
Religion


You were on level 4 of the Dungeon.
You worshipped Gozag.
Gozag was aware of your devotion.
You were not hungry.
One of your tentacles had a temporary spike.
You visited 1 branch of the dungeon, and saw 4 of its levels.

You collected 460 gold pieces.
You paid 26 gold pieces to Gozag.

Inventory:

Missiles
 a - 34 arrows
Jewellery
 q - an uncursed amulet of the acrobat
Wands
 r - a wand of acid (9)
Scrolls
 d - 3 scrolls of identify {unknown}
 i - a scroll of remove curse {unknown}
 j - 2 scrolls of blinking {unknown}
 l - a scroll of enchant armour {unknown}
 o - a scroll of random uselessness {unknown}
 p - a scroll of enchant weapon {unknown}
 s - a scroll of teleportation {unknown}
Potions
 b - a potion of degeneration {unknown}
 e - 2 potions of curing {unknown}
 f - 2 potions of stabbing
 g - 2 potions of heal wounds {unknown}
 h - 2 potions of haste {unknown}
 k - a potion of mutation {unknown}
 m - a potion of lignification {unknown}
 n - a potion of ambrosia {unknown}
Comestibles
 c - 4 rations


   Skills:
 + Level 1.1 Fighting
 + Level 4.3 Dodging
 + Level 3.0 Unarmed Combat
 - Level 3.0 Spellcasting
 - Level 4.0 Transmutations
 * Level 1.0 Poison Magic


You had 5 spell levels left.
You knew the following spells:

 Your Spells              Type           Power        Failure   Level  Hunger
a - Beastly Appendage     Tmut           ###...       3%          1    None
b - Sticks to Snakes      Tmut           ###.....     4%          2    ##.....
c - Spider Form           Tmut/Pois      ##........   19%         3    ###....

Your spell library contained the following spells:

 Spells                   Type           Power        Failure   Level  Hunger
 Ice Form                 Ice/Tmut       #.......     58%         4    ####...
 Blade Hands              Tmut           ###.......   67%         5    ######.


Dungeon Overview and Level Annotations

Branches:
Dungeon (4/15)
 Temple: D:4-7

Altars:
Gozag
Okawaru
Zin

Shops:
D:2 *   D:4 (

Annotations:
D:4 Menkaure


Innate Abilities, Weirdness & Mutations

You cannot wear most types of armour.
You are very stealthy in the water. (Stealth+)
You are amphibious.
You can wear up to eight rings at the same time.
You can use your tentacles to constrict eight enemies at once.
Your skin changes colour to match your surroundings (Stealth+).
Your rubbery body absorbs attacks. (AC +1, EV +1)
One of your tentacles bears a large vicious spike.


Message History

Your ball python bites Menkaure but does no damage.
Your ball python constricts Menkaure.
Menkaure struggles to escape constriction.
Your ball python bites Menkaure but does no damage. x2
Your ball python constricts Menkaure.
Menkaure hits your ball python!
Your ball python dies!
Your ball python completely misses Menkaure.
Your ball python grabs Menkaure.
Your ball python constricts Menkaure.
Menkaure calls on the powers of darkness!
Your body is wracked with pain!
* * * LOW HITPOINT WARNING * * *
There is an open door here.
The helpless Menkaure fails to defend himself.
You tentacle-slap Menkaure.
You pierce Menkaure, but do no damage.
Menkaure is almost destroyed.
Your ball python bites Menkaure but does no damage.
Your ball python constricts Menkaure.
Menkaure hits you!
You die...
Your body crumbles into a pile of gold.

###############
#........#....#
#........#....#
#........#....#
#........@....+
#........#MS..#
#........#....#
##...##..###..#
##...##..## ..#
#.........# ...
#.........#
....
+.........#
......
#.........#
......


You could see Menkaure (fast) and a friendly ball python.

Vanquished Creatures
  A scorpion (D:4)
  Jessica (D:2)
  A worker ant (D:4)
  A hound skeleton (D:4)
  6 adders
  4 worms
  2 dart slugs (D:1)
  A leopard gecko (D:2)
  6 orcs
  4 giant cockroaches
  8 goblins
  7 hobgoblins
  2 quokkas (D:2)
  A ball python (D:1)
  6 bats
  5 frilled lizards
  6 kobolds
  5 rats
67 creatures vanquished.

Vanquished Creatures (collateral kills)
  An iguana (D:4)
1 creature vanquished.

Grand Total: 68 creatures vanquished

Notes
Turn   | Place    | Note
-------+----------+-------------------------------------------
     0 | D:1      | Aviak the Octopode Transmuter began the quest for the Orb.
     0 | D:1      | Reached XP level 1. HP: 13/13 MP: 3/3
   192 | D:1      | Reached XP level 2. HP: 9/18 MP: 3/5
   490 | D:1      | Found an iron altar of Okawaru.
   879 | D:1      | Reached XP level 3. HP: 14/23 MP: 4/6
   884 | D:1      | Learned a level 2 spell: Sticks to Snakes
   888 | D:1      | Learned a level 3 spell: Spider Form
  1214 | D:2      | Found Gozag's Platinum Reserve.
  1214 | D:2      | Found an opulent altar of Gozag.
  1227 | D:2      | Became a worshipper of Gozag Ym Sagoz the Greedy
  1756 | D:2      | Found a glowing silver altar of Zin.
  1937 | D:2      | Noticed Jessica
  1943 | D:2      | Killed Jessica
  1943 | D:2      | Reached XP level 4. HP: 12/28 MP: 5/8
  2816 | D:3      | Reached XP level 5. HP: 33/33 MP: 7/9
  4335 | D:4      | Reached XP level 6. HP: 32/38 MP: 8/10
  4455 | D:4      | Found Qemeamn's Weapon Emporium.
  4608 | D:4      | Reached skill level 1 in Poison Magic
  4696 | D:4      | Noticed Menkaure
  4716 | D:4      | Mangled by Menkaure

Illustrated notes

Levels and vault maps discovered:
D:1:      mainiacjoe_arrival_reflecting_pool, layout_rooms,
          okawaru_ov_weapons_minmay
D:2:      layout_loops_ring, lemuel_crystal_altar, serial_glass,
          glass_columns_a, glass_columns_a, glass_columns_c, glass_columns_c,
          nicolae_gozag_zags_fifth_avenue, uniq_jessica
D:3:      minmay_wonky_spiral, layout_basic
D:4:      layout_gridville, kennysheep_little_box, serial_shops,
          nicolae_shop_behind_doors, first_ration, uniq_menkaure

Skill      XL: |  1  2  3  4  5  6 |
---------------+-------------------+-----
Dodging        | 3 4 |  4.3
Transmutations | 3 4 |  4.0
Spellcasting   | 3 |  3.0
Poison Magic   | 1 |  1.0
Fighting       | |  1.1
Unarmed Combat | |  3.0

Action                   |  1- 3 |  4- 6 || total
-------------------------+-------+-------++-------
Melee: Unarmed           |    84 |   105 ||   189
       Constrict         |    24 |    23 ||    47
       Kick              |    11 |    22 ||    33
       Tentacles         |    10 |    20 ||    30
       Punch             |     2 |       ||     2
 Cast: Beastly Appendage |    12 |    16 ||    28
       Sticks to Snakes  |       |     8 ||     8
  Use: Potion            |       |     1 ||     1
 Stab: Sleeping          |     4 |     7 ||    11
  Eat: Ration            |     1 |     3 ||     4
       Chunk             |     1 |       ||     1
Armor: Skin              |     4 |     5 ||     9
Dodge: Dodged            |    62 |    51 ||   113
